 Dungeon Crawl Stone Soup version 0.30-a0-605-gb2882149bf (webtiles) character file.

Game seed: 15947256551448516547

1467 karrick the Ducker (level 8, -8/96 HPs)
             Began as a Gnoll Gladiator on Jan 7, 2023.
             Mangled by a troll (10 damage)
             ... on level 6 of the Dungeon.
             The game lasted 00:06:13 (3552 turns).

karrick the Ducker (Gnoll Gladiator)                Turns: 3552, Time: 00:06:14

Health: -8/96      AC:  7    Str: 21 (22) XL:     8   Next: 77%
Magic:  13/13      EV: 14    Int:  5 (7)  God:
Gold:   269        SH:  0    Dex: 12 (15) Spells: 14/14 levels left

rFire   + . .      SeeInvis .    a - +0 war axe
rCold   . . .      Faith    .    (no shield)
rNeg    . . .      Spirit   .    s - +1 leather armour of Jukhaics {Regen+ Str+7}
rPois   .          Reflect  .    c - +0 helmet
rElec   .          Harm     .    (no cloak)
rCorr   .          Rampage  .    y - +0 pair of gloves
Will    .....                    u - +0 pair of boots Stlth
                                 (no amulet)
HPRegen 1.16/turn                f - ring of flight
MPRegen 0.13/turn                i - ring of protection from fire

@: berserking, flying, very quick
A: fangs 1, strong nose, distributed training
a: no special abilities


You were on level 6 of the Dungeon.
You visited 1 branch of the dungeon, and saw 6 of its levels.

You collected 269 gold pieces.

Inventory:

Hand Weapons
 a - a +0 war axe (weapon)
Missiles
 d - 3 throwing nets (quivered)
 e - a javelin
Armour
 b - a +0 leather armour
 c - a +0 helmet (worn)
 s - the +1 leather armour of Jukhaics (worn) {Regen+ Str+7}
   (You took it off an orc on level 3 of the Dungeon)

   Str:       It affects your strength (+7).
   Regen:     It increases your rate of health regeneration.
 u - a +0 pair of boots (worn)
 x - +0 gold dragon scales
 y - a +0 pair of gloves (worn)
Jewellery
 f - a ring of flight (left hand)
 i - a ring of protection from fire (right hand)
Scrolls
 g - 2 scrolls of fog {unknown}
 j - 3 scrolls of identify {unknown}
 o - 3 scrolls of enchant armour {unknown}
 p - 2 scrolls of fear {unknown}
 q - a scroll of immolation {unknown}
 r - a scroll of blinking {unknown}
 w - a scroll of torment {unknown}
Potions
 h - 2 potions of attraction {unknown}
 k - 3 potions of degeneration
 l - a potion of lignification {unknown}
 m - 2 potions of curing
 n - a potion of berserk rage
 t - a potion of brilliance {unknown}
 v - a potion of cancellation {unknown}
 z - 2 potions of magic {unknown}
 A - a potion of ambrosia {unknown}
 B - a potion of flight {unknown}


   Skills:
 + Level 6.0 Fighting
 + Level 3.7 Short Blades
 + Level 3.7 Long Blades
 + Level 7.6 Axes
 + Level 3.7 Maces & Flails
 + Level 3.7 Polearms
 + Level 3.7 Staves
 + Level 3.7 Ranged Weapons
 + Level 6.0 Throwing
 + Level 3.7 Armour
 + Level 7.6 Dodging
 + Level 3.7 Stealth
 + Level 3.7 Shields
 + Level 3.7 Unarmed Combat
 + Level 3.7 Spellcasting
 + Level 3.0 Conjurations
 + Level 3.0 Hexes
 + Level 3.0 Summonings
 + Level 3.0 Necromancy
 + Level 3.0 Translocations
 + Level 3.0 Transmutations
 + Level 3.0 Fire Magic
 + Level 3.0 Ice Magic
 + Level 3.0 Air Magic
 + Level 3.0 Earth Magic
 + Level 3.0 Poison Magic
 + Level 4.1 Invocations
 + Level 3.7 Evocations


You had 14 spell levels left.
You didn't know any spells.
Your spell library contained the following spells:

 Spells                   Type           Power      Damage    Failure   Level
 Cause Fear               Hex            2%         N/A       75%         4
 Dragon Form              Tmut           2%         N/A       100%        7
 Dragon's Call            Summ           2%         N/A       100%        9


Dungeon Overview and Level Annotations

Branches:
Dungeon (6/15)
 Temple: D:4-7

Altars:
Dithmenos
Sif Muna
Wu Jian


Innate Abilities, Weirdness & Mutations

You have very sharp teeth.
Your uncanny sense of smell can sniff out nearby items.
Your experience applies equally to all skills.


Message History

You are too injured to fight recklessly!
You are too injured to fight recklessly!
You closely miss the troll.
The troll is moderately wounded.
You barely miss the hound. The hound misses you. The troll barely misses you.
The troll misses you. The troll barely misses you. The hound barely misses you.
It was a potion of degeneration.
There was something very wrong with that liquid.
You feel weakened.
You feel dopey.
You feel clumsy. The troll bites you! The troll claws you.
The troll misses you. The hound misses you.
It was a potion of curing.
You feel better. The hound misses you. The troll bites you!
The troll claws you.
* * * LOW HITPOINT WARNING * * *
The troll claws you but does no damage. The hound closely misses you.
It was a potion of berserk rage.
A red film seems to cover your vision as you go berserk!
You feel yourself moving faster!
You feel mighty! The troll barely misses you. The troll misses you.
The troll closely misses you. The hound bites you but does no damage.
You barely miss the troll.
The troll is moderately wounded.
You slash the hound!
You kill the hound!
The troll bites you!
* * * LOW HITPOINT WARNING * * *
The troll misses you. The troll claws you.
* * * LOW HITPOINT WARNING * * *
Your Fighting skill increases to level 6!
Your Throwing skill increases to level 6!
You slash the troll!
The troll is severely wounded.
The troll bites you!
* * * LOW HITPOINT WARNING * * *
The troll claws you but does no damage. The troll barely misses you.
You are too berserk!
You slash the troll!
The troll is almost dead.
The troll bites you!
You die...

#.......#......#
#.......#......#
#.......#......#
#.......+......#
#.......#......#
#.......#......#
#########.......#......#
................#......#
.......@........'......#
.......T........#......#
................##'#####
........................
.........#######........
.........#.....#.....†..
...>.....#.....#........
.........#.....#...<....
#...###........


You could see a troll.

Vanquished Creatures
  A wyvern (D:3)
  A black bear (D:4)
  An ogre (D:5)
  A centaur (D:5)
  2 phantoms
  3 necrophages (D:5)
  3 scorpions (D:5)
  2 jellies
  3 hounds
  3 orc priests
  An iguana (D:6)
  2 orc wizards (D:5)
  4 adders
  10 gnolls
  2 white imps (D:5)
  An ufetubus (D:4)
  2 worms (D:3)
  10 dart slugs
  14 orcs
  2 ball pythons (D:4)
  4 bats
  8 endoplasms
  3 giant cockroaches
  6 goblins
  5 hobgoblins
  6 kobolds
  3 quokkas
  6 rats
109 creatures vanquished.

Notes
Turn   | Place    | Note
-------+----------+-------------------------------------------
     0 | D:1      | karrick the Gnoll Gladiator began the quest for the Orb.
     0 | D:1      | Reached XP level 1. HP: 20/20 MP: 1/1
    65 | D:1      | Reached XP level 2. HP: 26/26 MP: 2/2
   160 | D:1      | Found a faded altar of an unknown god.
   488 | D:1      | Reached XP level 3. HP: 29/31 MP: 3/3
  1293 | D:3      | Reached skill level 1 in Invocations
  1570 | D:3      | Identified the +1 leather armour of Jukhaics {Regen+ Str+7}
  1573 | D:3      | Reached skill level 1 in Short Blades
  1573 | D:3      | Reached skill level 1 in Long Blades
  1573 | D:3      | Reached skill level 1 in Maces & Flails
  1573 | D:3      | Reached skill level 1 in Polearms
  1573 | D:3      | Reached skill level 1 in Staves
  1573 | D:3      | Reached skill level 1 in Ranged Weapons
  1573 | D:3      | Reached skill level 1 in Armour
  1573 | D:3      | Reached skill level 1 in Stealth
  1573 | D:3      | Reached skill level 1 in Shields
  1573 | D:3      | Reached skill level 1 in Unarmed Combat
  1573 | D:3      | Reached skill level 1 in Spellcasting
  1573 | D:3      | Reached skill level 1 in Evocations
  1682 | D:4      | Noticed a phantom
  1688 | D:4      | Reached XP level 4. HP: 36/38 MP: 5/5
  1708 | D:4      | Killed a phantom
  1709 | D:4      | Reached skill level 1 in Conjurations
  1709 | D:4      | Reached skill level 1 in Hexes
  1709 | D:4      | Reached skill level 1 in Summonings
  1709 | D:4      | Reached skill level 1 in Necromancy
  1709 | D:4      | Reached skill level 1 in Translocations
  1709 | D:4      | Reached skill level 1 in Transmutations
  1709 | D:4      | Reached skill level 1 in Fire Magic
  1709 | D:4      | Reached skill level 1 in Ice Magic
  1709 | D:4      | Reached skill level 1 in Air Magic
  1709 | D:4      | Reached skill level 1 in Earth Magic
  1709 | D:4      | Reached skill level 1 in Poison Magic
  1709 | D:4      | Reached XP level 5. HP: 42/43 MP: 5/7
  1904 | D:3      | Reached XP level 6. HP: 50/50 MP: 8/8
  1943 | D:3      | Found a shimmering blue altar of Sif Muna.
  2203 | D:4      | Reached skill level 5 in Fighting
  2203 | D:4      | Reached skill level 5 in Throwing
  2320 | D:4      | Noticed a wyvern
  2328 | D:4      | Noticed a black bear
  2335 | D:3      | Killed a wyvern
  2336 | D:3      | Reached XP level 7. HP: 39/56 MP: 10/10
  2659 | D:5      | Entered Level 5 of the Dungeon
  2852 | D:5      | Reached XP level 8. HP: 28/63 MP: 12/12
  3043 | D:5      | Found an ornate altar of the Wu Jian Council.
  3136 | D:5      | Found a shadowy altar of Dithmenos.
  3538 | D:6      | Noticed a troll
  3551 | D:6      | HP: 1/96 [troll (14)]
  3552 | D:6      | Mangled by a troll

Illustrated notes

Levels and vault maps discovered:
D:1:      dpeg_arrival_pits, layout_rooms, ebering_ecumenical_altar_mist,
          fountainhead, minmay_crystal_water, minmay_misc_feat_nine_boxes,
          dk_noncrumbling_2, minivault_19, minmay_tetromino_s4
D:2:      layout_loops_ring
D:3:      layout_loops_ring, general_overflow_altar, st_stairs_12
D:4:      layout_rooms, st_stairs_9, minmay_misc_feat_four_crosses,
          minmay_crystal_room
D:5:      kennysheep_slugbush, layout_basic, nicolae_dithmenos_shadow_blocks,
          kennysheep_little_box, minivault_14, nrook_loot_triangle,
          kennysheep_generic_room_10
D:6:      layout_gridville, sigmund_edmund_badplayer, uniq_duvessa

Skill      XL: |  1  2  3  4  5  6  7  8 |
---------------+-------------------------+-----
Invocations    | 1 2 3 4 |  4.1
Short Blades   | 1 2 3 |  3.7
Long Blades    | 1 2 3 |  3.7
Maces & Flails | 1 2 3 |  3.7
Polearms       | 1 2 3 |  3.7
Staves         | 1 2 3 |  3.7
Ranged Weapons | 1 2 3 |  3.7
Armour         | 1 2 3 |  3.7
Stealth        | 1 2 3 |  3.7
Shields        | 1 2 3 |  3.7
Unarmed Combat | 1 2 3 |  3.7
Spellcasting   | 1 2 3 |  3.7
Evocations     | 1 2 3 |  3.7
Conjurations   | 1 2 3 |  3.0
Hexes          | 1 2 3 |  3.0
Summonings     | 1 2 3 |  3.0
Necromancy     | 1 2 3 |  3.0
Translocations | 1 2 3 |  3.0
Transmutations | 1 2 3 |  3.0
Fire Magic     | 1 2 3 |  3.0
Ice Magic      | 1 2 3 |  3.0
Air Magic      | 1 2 3 |  3.0
Earth Magic    | 1 2 3 |  3.0
Poison Magic   | 1 2 3 |  3.0
Fighting       | 5 6 |  6.0
Throwing       | 5 6 |  6.0
Axes           | 7 |  7.6
Dodging        | 7 |  7.6

Action                   |  1- 3 |  4- 6 |  7- 9 || total
-------------------------+-------+-------+-------++-------
Melee: War axe           |   110 |    79 |   158 ||   347
       Bite              |    15 |     6 |    20 ||    41
       Punch             |     2 |     3 |     6 ||    11
  Use: Potion            |       |       |     3 ||     3
 Stab: Sleeping          |     4 |       |       ||     4
Armor: Leather armour    |    30 |    20 |    44 ||    94
Dodge: Dodged            |    66 |    69 |   143 ||   278

Table legend: (Time is in decaauts)
 A = Elapsed time spent in this place.
 B = Non-inter-level travel time spent in this place.
 C = Inter-level travel time spent in this place.
 D = Time resting spent in this place.
 E = Time spent auto-exploring this place.
 F = Levels seen in this place.
 G = Mean time per level.
                   A        B        C        D        E       F      G
               +--------+--------+--------+--------+--------+-----+--------+
         Total |   3604 |   3461 |    143 |     16 |   2637 |   6 |  600.7 |
       Dungeon |   3604 |   3461 |    143 |     16 |   2637 |   6 |  600.7 |
               +--------+--------+--------+--------+--------+-----+--------+

Top non-repeatable levels by time:
     D:3: 867 daAuts
     D:5: 805 daAuts
     D:1: 671 daAuts
     D:2: 596 daAuts
     D:4: 559 daAuts
     D:6: 104 daAuts
